 Dungeon Sprint DCSS version 0.31.0-11-ge490571c62 (webtiles) character file.

Game seed: 8075145349750946080

431 boopmooplesden the Protected (level 6, 0/52 (58) HPs)
             Began as an Armataur Fighter on Feb 1, 2024.
             Was a High Priest of Trog.
             Killed from afar by Josephine (7 damage)
             ... with a ghostly fireball
             ... in the Dungeon (Sprint VII: "The Pits").
             The game lasted 00:01:15 (674 turns).

boopmooplesden the Protected (Armataur Fighter)      Turns: 674, Time: 00:01:15

HP:   0/52 (58)     AC: 14    Str: 21    XL:     6   Next: 67%
MP:   6/6           EV:  5    Int:  9    God:    Trog [*****.]
Gold: 0             SH:  5    Dex: 11    Spells: 5/5 levels left

rFire   . . .        p - +0 long sword (holy)
rCold   . . .        c - +0 buckler
rNeg    . . .        d - +2 plate armour
rPois   .            (no helmet)
rElec   .            (no cloak)
rCorr   .            (no gloves)
SInv    .            (no barding)
Will    .....        (no amulet) Stlth
                     (no ring)
HPRegen 0.28/turn    (no ring)
MPRegen 0.10/turn

%: no teleportation, roll
@: heavily drained
A: large, deformed body, tough skin 3, armoured tail, roll 1
a: Renounce Religion, Berserk, Trog's Hand, Brothers in Arms


You were in the Dungeon.
You worshipped Trog.
Trog was extremely pleased with you.
You visited 1 branch

Inventory:

Hand Weapons
 a - a +0 long sword
 k - a +2 falchion
 p - a +0 long sword of holy wrath (weapon)
Armour
 b - a +0 scale mail
 c - a +0 buckler (worn)
 d - a +2 plate armour (worn)
Scrolls
 j - a scroll of blinking
 m - 2 scrolls of vulnerability
 n - 5 scrolls of amnesia
 o - a scroll of butterflies
Potions
 e - 6 potions of curing
 f - 6 potions of heal wounds
 g - a potion of haste
 h - 4 potions of magic
 i - 3 potions of berserk rage
 l - 2 potions of invisibility


   Skills:
 + Level 6.8 Fighting
 + Level 6.7 Long Blades
 + Level 10.5 Armour
 + Level 1.1 Dodging
 + Level 7.6 Shields


You had 5 spell levels left.
You didn't know any spells.
Your spell library was empty.

Dungeon Overview and Level Annotations

Branches:
Dungeon (1/1)

Altars:
Cheibriados
Dithmenos
Elyvilon
Fedhas
Gozag
Hepliaklqana
Makhleb
Nemelex Xobeh
Okawaru
Qazlal
Ru
Sif Muna
Trog
Vehumet
Wu Jian
Xom
Yredelemnul
Zin
The Shining One
Jiyva
Lugonu

Annotations:
D Josephine


Innate Abilities, Weirdness & Mutations

Armour fits poorly on your strangely shaped body.
You have extremely tough skin. (AC +3)
You have a long armoured tail.
You regenerate magic when rolling toward enemies. (Rampage MPRegen)


Message History

Josephine is lightly wounded.
Josephine hits you but does no damage.
You barely miss Josephine.
Josephine is lightly wounded.
Josephine hits you but does no damage.
Josephine points at you and mumbles some strange words.
The ghostly flame explodes!
The ghostly fireball engulfs you!
You feel drained.
The ghostly fireball engulfs Josephine.
Josephine completely resists.
You're still recovering from your berserk rage.
You hit Josephine but do no damage.
Josephine is lightly wounded.
Josephine hits you but does no damage.
You barely miss Josephine.
Josephine is lightly wounded.
Josephine hits you with a +0 dagger.
You hit Josephine.
Josephine is lightly wounded.
Josephine barely misses you.
You hit Josephine.
Josephine is lightly wounded.
Josephine hits you with a +0 dagger.
You hit Josephine.
Josephine is moderately wounded.
Josephine hits you but does no damage.
You barely miss Josephine. You tail-slap Josephine.
Josephine is moderately wounded.
You recover from your berserk rage.
Josephine hits you with a +0 dagger.
* * * LOW HITPOINT WARNING * * *
You hit Josephine.
Josephine is moderately wounded.
Josephine gestures at you while chanting.
The ghostly flame explodes!
The ghostly fireball engulfs you!
You feel drained.
* * * LOW HITPOINT WARNING * * *
The ghostly fireball engulfs Josephine.
Josephine completely resists.
You closely miss Josephine.
Josephine is moderately wounded.
Josephine casts a spell at you.
The ghostly flame explodes!
The ghostly fireball engulfs you!
You feel drained.
You die...

#)#........##.......#
#)###########.......#
#.......# #########
#..###..# #.......#
##.###.##+#
#.......#.+
#..###..#@#
#.......'@#
###########


You could see Josephine.

Vanquished Creatures
  A glass eye (D)
  A gnoll sergeant (D)
  2 scorpions (D)
  5 gnolls (D)
  An adder (D)
  A white imp (D)
  An adder zombie (D)
  A ribbon worm (D)
  An endoplasm (D)
  2 goblins (D)
  A quokka (D)
  A ball python skeleton (D)
  2 frilled lizards (D)
20 creatures vanquished.

Notes
Turn   | Place    | Note
-------+----------+-------------------------------------------
     0 | D        | boopmooplesden the Armataur Fighter began the quest for the
                  | Orb.
     0 | D        | Reached XP level 1. HP: 18/18 MP: 1/1
    42 | D        | Found a bloodstained altar of Trog.
    42 | D        | Found a shimmering blue altar of Sif Muna.
    42 | D        | Found a viscous altar of Jiyva.
    42 | D        | Found a hazy altar of Hepliaklqana.
    42 | D        | Found an opulent altar of Gozag.
    43 | D        | Found a glowing golden altar of the Shining One.
    43 | D        | Found a glowing silver altar of Zin.
    43 | D        | Found a basalt altar of Yredelemnul.
    43 | D        | Found a shimmering altar of Xom.
    43 | D        | Found an ornate altar of the Wu Jian Council.
    43 | D        | Found a sacrificial altar of Ru.
    43 | D        | Found a stormy altar of Qazlal.
    43 | D        | Found an iron altar of Okawaru.
    43 | D        | Found a sparkling altar of Nemelex Xobeh.
    43 | D        | Found a burning altar of Makhleb.
    43 | D        | Found a blossoming altar of Fedhas.
    43 | D        | Found a white marble altar of Elyvilon.
    43 | D        | Found a shadowy altar of Dithmenos.
    43 | D        | Found a snail-covered altar of Cheibriados.
    45 | D        | Found a corrupted altar of Lugonu.
    45 | D        | Found a radiant altar of Vehumet.
    46 | D        | Became a worshipper of Trog the Wrathful
    57 | D        | Reached skill level 4 in Armour
   204 | D        | Noticed a scorpion
   211 | D        | Killed a scorpion
   211 | D        | Reached * piety under Trog
   212 | D        | Reached skill level 6 in Armour
   212 | D        | Reached skill level 5 in Shields
   212 | D        | Reached XP level 2. HP: 15/28 MP: 2/2
   212 | D        | Reached XP level 3. HP: 18/34 MP: 3/3
   499 | D        | Noticed a glass eye
   518 | D        | Killed a glass eye
   519 | D        | Reached skill level 5 in Long Blades
   519 | D        | Reached skill level 9 in Armour
   519 | D        | Reached XP level 4. HP: 44/44 MP: 4/4
   519 | D        | Reached XP level 5. HP: 50/50 MP: 5/5
   519 | D        | Reached ** piety under Trog
   606 | D        | Reached *** piety under Trog
   607 | D        | Reached XP level 6. HP: 57/57 MP: 6/6
   610 | D        | Reached skill level 1 in Dodging
   611 | D        | Reached skill level 10 in Armour
   620 | D        | Reached **** piety under Trog
   659 | D        | Reached ***** piety under Trog
   662 | D        | Noticed Josephine
   674 | D        | Killed from afar by Josephine

Illustrated notes

Levels and vault maps discovered:
D:        pitsprint [storerooms_1, entrance_room_1, metal_vault_6, armoury_2,
          mini_pit_1, grid_room_1, main_hall_1, silver_pit, the_coven_3,
          the_vestibule_1, steel_vault_2, golden_pit, hallway_of_sentries,
          crystal_vault_2, iron_vault_1, final_vault]

Skill      XL: |  1  2  3  4  5  6 |
---------------+-------------------+-----
Fighting       | 4 6 |  6.8
Armour         | 6 9 10 | 10.5
Long Blades    | 2 5 6 |  6.7
Shields        | 5 6 7 |  7.6
Dodging        | 1 |  1.1

Action                     |  1- 3 |  4- 6 || total
---------------------------+-------+-------++-------
  Melee: Falchion          |    38 |     7 ||    45
         Tailslap          |     5 |     9 ||    14
         Long sword        |     2 |    47 ||    49
 Invoke: Berserk           |       |     1 ||     1
    Use: Potion            |     1 |       ||     1
 Armour: Scale mail        |    19 |     4 ||    23
         Plate armour      |       |    33 ||    33
  Dodge: Dodged            |     8 |     8 ||    16
  Block: Buckler           |     3 |    11 ||    14
